cohdb
Replays
Latest Replays
All Replays
Popular Replays
Top Player Replays
Match Explorer
How It Works
Community
CoH3 Stats
Reddit
Sign in to upload your games and track your stats! →
Sign in with Steam
Match 45710919
Unlisted
Match 45710919
Overview
Messages
Build Orders
End
Panzerpioneer Squad
Panzerpioneer Squad
Selects Panzerjäger Kommand Battlegroup
Selects Blockade Equipment
250 Light Carrier
Construct Light Support Kompanie
250 Light Carrier
Combat Half-tracks
Fire Support Elements
Assault Mechanized Group
Vehicle Survival Package
Selects Defensive Positions
Selects Tank Busters
Panzerjäger Squad
Construct Panzerarmee Kommand
Emergency Repair Kits
Assault Mechanized Group
Rapid Advance
Armored Reserves
Selects Crew Shock Tactics
Selects Butterfly Bomb Drop
Butterfly Bomb Drop
Tiger Heavy Tank
Crew Shock Tactics
Advanced Optics
250 Light Carrier
Butterfly Bomb Drop
Panzer IV Assault Group
Tungsten Core Ammunition
Veteran Squad Leaders
Flakvierling Half-track
Butterfly Bomb Drop
Tiger Heavy Tank
Flak 36 Anti-tank Gun Team
Butterfly Bomb Drop
Flak 36 Anti-tank Gun Team
250 Light Carrier
250 Light Carrier
Goliath
frostie
Black Baron
Boneless
Arwootarch
BazookaJoe
0
0
Comments
sign in to comment!
No comments posted yet!